 Dungeon Crawl Stone Soup version 0.31-a0-240-gb923e448b6 (webtiles) character file.

Game seed: 3367970733839758618

72 qw the Shooter (level 4, -3/36 HPs)
             Began as a Minotaur Hexslinger on July 11, 2023.
             Killed by divine providence
             ... invoked by an orc priest
              (11 damage)
             ... on level 3 of the Dungeon.
             The game lasted 00:00:39 (1421 turns).

qw the Shooter (Minotaur Hexslinger)                Turns: 1421, Time: 00:00:39

Health: -3/36      AC:  5    Str: 12    XL:     4   Next: 7%
Magic:  4/4        EV: 11    Int: 10    God:
Gold:   112        SH:  0    Dex: 15    Spells: 4/5 levels left

rFire   . . .        Y - +1 sling
rCold   . . .        (no shield)
rNeg    . . .        g - +0 ring mail
rPois   .            (helmet restricted)
rElec   .            (no cloak)
rCorr   .            (no gloves)
SInv    .            (no boots)
Will    .....        (no amulet)
Stlth   +            (no ring)
HPRegen 0.26/turn    (no ring)
MPRegen 0.09/turn

%: no passive effects
@: no status effects
A: horns 2, retaliatory headbutt
a: no special abilities


You were on level 3 of the Dungeon.
You visited 1 branch of the dungeon, and saw 3 of its levels.

You collected 112 gold pieces.


Innate Abilities, Weirdness & Mutations

You have a pair of horns on your head.
You reflexively headbutt those who attack you in melee.


   Skills:
 - Level 2.0 Fighting
 + Level 4.3 Ranged Weapons
 - Level 1.1 Armour
 - Level 2.1 Dodging
 - Level 1.0 Spellcasting
 - Level 2.0 Hexes


You had 4 spell levels left.
You knew the following spells:

 Your Spells              Type           Power      Damage    Failure   Level
a - Slow                  Hex            16%        N/A       34%         1

Your spell library contained the following spells:

 Spells                   Type           Power      Damage    Failure   Level
 Inner Flame              Hex/Fire       2%         N/A       83%         3
 Portal Projectile        Hex/Tloc       4%         N/A       83%         3
 Cause Fear               Hex            2%         N/A       98%         4

Inventory:

Hand Weapons
 Y - a +1 sling (weapon)
Armour
 g - a +0 ring mail (worn)
Jewellery
 h - a ring of protection from fire
Scrolls
 a - a scroll of amnesia {unknown}
 b - a scroll of identify
 d - a scroll of enchant armour {unknown}
Potions
 c - a potion of cancellation
 e - 3 potions of curing {unknown}
 f - a potion of degeneration {unknown}

Dungeon Overview and Level Annotations

Branches:
Dungeon (3/15)

Altars:


Message History

The orc priest is moderately wounded.
You shoot a sling bullet.
The sling bullet completely misses the orc priest.
A quokka comes into view.
The orc priest invokes the aid of Beogh against you.
Pain shoots through your body!
You shoot a sling bullet.
The sling bullet hits the orc priest but does no damage.
The orc priest is lightly wounded.
The orc priest hits you but does no damage.
You shoot a sling bullet. The sling bullet hits the orc priest.
The orc priest is moderately wounded.
The orc priest hits you but does no damage.
You shoot a sling bullet.
The sling bullet hits the orc priest but does no damage.
The orc priest is moderately wounded.
The orc priest mumbles some strange prayers to Beogh against you.
Pain shoots through your body! The orc priest hits you with a +0 club.
You shoot a sling bullet.
The sling bullet hits the orc priest but does no damage.
The orc priest is moderately wounded.
The quokka barely misses you. The orc priest closely misses you.
You furiously retaliate!
You headbutt the orc priest. You shoot a sling bullet.
The sling bullet hits the orc priest but does no damage.
The orc priest is severely wounded.
The quokka barely misses you.
The orc priest looks satisfied for a moment.
The quokka bites you.
You shoot a sling bullet. The sling bullet hits the orc priest.
The orc priest is severely wounded.
The quokka barely misses you.
The orc priest begins to cast a cantrip, but forgets the words!
The quokka closely misses you. The orc priest hits you with a +0 club.
You shoot a sling bullet.
The sling bullet closely misses the orc priest.
The quokka bites you.
The orc priest invokes the aid of Beogh against you.
Beogh smites you!
You die...

...##.# #..>##.#
.....##.# #.##.##.# ####
### #.##.##.#### ... #.#
#.##.##.##.. .#####r##.#
#.#......#.#
......o@..###.<........#
.......##.....#......###
..#######.###.##.##.##
.....#.##.##.#
###.#.....%...####
#...............
##.#####.####### #. #.#
#.# #.#


You could see an orc priest and a quokka.

Vanquished Creatures
  An adder (D:3)
  2 dart slugs
  An orc (D:3)
  5 ball pythons
  6 bats
  6 endoplasms
  2 giant cockroaches
  3 goblins
  5 hobgoblins
  8 jackals
  3 quokkas
  4 frilled lizards
  3 kobolds
  2 rats (D:2)
51 creatures vanquished.

Notes
Turn   | Place    | Note
-------+----------+-------------------------------------------
     0 | D:1      | qw the Minotaur Hexslinger began the quest for the Orb.
     0 | D:1      | Reached XP level 1. HP: 16/16 MP: 1/1
     0 | D:1      | 0 ||| qw: Version: 0.3-a-52-g30416fa
     0 | D:1      | 0 ||| qw: Game counter: 6033
     0 | D:1      | 0 ||| qw: Melee chars always use a shield: true
     0 | D:1      | 0 ||| qw: God list: Okawaru
     0 | D:1      | 0 ||| qw: Allow faded altars: false
     0 | D:1      | 0 ||| qw: Do Orc after clearing Dungeon:15 true
     0 | D:1      | 0 ||| qw: Do second Lair branch before Depths: true
     0 | D:1      | 0 ||| qw: Lair rune preference: random
     0 | D:1      | 0 ||| qw: Goals: Normal
     0 | D:1      | 0 ||| PLANNING D:1-11
    83 | D:1      | Reached skill level 3 in Ranged Weapons
    86 | D:1      | Reached XP level 2. HP: 23/23 MP: 2/2
   393 | D:1      | Reached XP level 3. HP: 29/29 MP: 3/3
   532 | D:1      | 532 ||| UPGRADING to +0 ring mail.
   542 | D:1      | 542 ||| DROPPING +0 robe.
   543 | D:1      | 543 ||| READING scroll labelled ZACIUZ NESMUOSK.
   544 | D:1      | 544 ||| DROPPING scroll of poison.
   737 | D:2      | Reached skill level 4 in Ranged Weapons
   818 | D:2      | Found a faded altar of an unknown god.
  1051 | D:2      | 1051 ||| READING scroll labelled HAX PIVUNY.
  1052 | D:2      | 1052 ||| READING scroll labelled LEKHLE XEMO SUI.
  1053 | D:2      | 1053 ||| READING scroll labelled YCEZAI VENAPT.
  1057 | D:2      | 1057 ||| READING scroll labelled LIRGHE LOANWA.
  1058 | D:2      | 1058 ||| DRINKING 2 glowing puce potions.
  1090 | D:3      | 1090 ||| FLEEEEING.
  1091 | D:3      | 1091 ||| FLEEEEING.
  1096 | D:3      | 1096 ||| STAIRDANCE
  1110 | D:3      | Reached skill level 1 in Armour
  1335 | D:3      | Reached XP level 4. HP: 21/36 MP: 4/4
  1420 | D:3      | HP: 9/36 [orc priest/+0 club (4)]
  1421 | D:3      | Killed from afar by an orc priest

Levels and vault maps discovered:
D:1:      dpeg_arrival_tiny_i, layout_rooms, chequers_serial_rivers_small_3,
          hangedman_decor_lopped
D:2:      cheibrodos_old_hovel, layout_rooms, basic_ecumenical_altar,
          corexii_corridor_pit
D:3:      layout_loops_ring, kennysheep_minor_cross

Skill      XL: |  1  2  3 |
---------------+----------+-----
Ranged Weapons | 3 4 |  4.3
Fighting       | 2 |  2.0
Armour         | 1 |  1.1
Dodging        | |  2.1
Spellcasting   | |  1.0
Hexes          | |  2.0

Action                     |  1- 3 |  4- 6 || total
---------------------------+-------+-------++-------
   Fire: Sling             |   125 |    11 ||   136
    Use: Scroll            |     5 |       ||     5
         Potion            |     1 |       ||     1
 Armour: Robe              |     5 |       ||     5
         Ring mail         |    16 |     2 ||    18
  Dodge: Dodged            |    41 |     5 ||    46

Table legend:
 A = Non-vault XP
 B = Vault XP
 C = Vault XP percentage of total XP
 D = Non-vault monster count
 E = Vault monster count
 F = Vault count percentage of total count
                 A         B        C        D         E       F
            +---------+---------+-------+---------+---------+-------
      Total |     102 |       2 |   1.9 |      50 |       1 |   2.0
            +---------+---------+-------+---------+---------+-------
        D:1 |      46 |       0 |   0.0 |      25 |       0 |   0.0
        D:2 |      22 |       2 |   8.3 |      14 |       1 |   6.7
        D:3 |      34 |       0 |   0.0 |      11 |       0 |   0.0
            +---------+---------+-------+---------+---------+-------
